 Dungeon Crawl Stone Soup version 0.29.0-5-ge4962eb29e (webtiles) character file.

Game seed: 480067078826970938

81 PieDemon the Chopper (level 5, -1/46 HPs)
             Began as a Meteoran Abyssal Knight on Aug 28, 2022.
             Was a Priest of Lugonu.
             Slain by an orc
             ... wielding a +0 mace
              (4 damage)
             ... on level 4 of the Dungeon on Aug 29, 2022.
             The game lasted 00:10:20 (696 turns).

PieDemon the Chopper (Meteoran Abyssal Knight)       Turns: 696, Time: 00:10:21

Health: -1/46      AC:  4    Str: 16    XL:     5   Next: 0%
Magic:  7/8        EV: 11    Int: 11    God:    Lugonu [***...]
Gold:   97         SH:  0    Dex: 15    Spells: 4/4 levels left

rFire   . . .      SeeInvis .   a - +1 hand axe
rCold   + . .      Faith    .   o - orb {light}
rNeg    . . .      Spirit   .   s - +1 leather armour "Voraqow" {rC+}
rPois   .          Reflect  .   (no helmet)
rElec   .          Harm     .   (no cloak)
rCorr   .          Rampage  .   (no gloves)
Will    .....                   (no boots)
Stlth   +.........              (no amulet)
HPRegen 0.15/turn               (no ring)
MPRegen 0.11/turn               (no ring)

@: glowing
A: sense surroundings 1, otherworldly, glowing, explore regen
a: Renounce Religion, Depart the Abyss, Bend Space, Banish


You were on level 4 of the Dungeon.
You worshipped Lugonu.
Lugonu was most pleased with you.
You visited 1 branch of the dungeon, and saw 4 of its levels.
You visited the Abyss 1 time.

You collected 97 gold pieces.

Inventory:

Hand Weapons
 a - a +1 hand axe (weapon)
 c - a +0 whip
 d - a +0 sling
Armour
 o - an orb of light (worn)
 s - the +1 leather armour "Voraqow" (worn) {rC+}
   (You found it on level 3 of the Dungeon)

   rC:        It protects you from cold.
Scrolls
 j - a scroll of fear {unknown}
 l - a scroll of enchant armour {unknown}
 m - a scroll of identify {unknown}
 q - a scroll of butterflies {unknown}
 r - a scroll of teleportation {unknown}
Potions
 e - 2 potions of degeneration {unknown}
 f - 3 potions of curing {unknown}
 g - a potion of invisibility {unknown}
 h - a potion of mutation {unknown}
 i - 3 potions of heal wounds {unknown}
 k - a potion of ambrosia {unknown}
 n - a potion of magic {unknown}
 p - a potion of haste {unknown}


   Skills:
 - Level 4.0 Fighting
 * Level 4.5 Axes
 - Level 2.4 Armour
 - Level 1.2 Dodging
 - Level 3.2 Invocations


You had 4 spell levels left.
You didn't know any spells.
Your spell library contained the following spells:

 Spells                   Type           Power      Damage    Failure   Level
 Apportation              Tloc           0%         N/A       38%         1
 Necrotise                Necr           0%         1d4       38%         1
 Vampiric Draining        Necr           0%         2d6       77%         3
 Agony                    Necr           0%         N/A       100%        5
 Alistair's Intoxication  Tmut/Pois      0%         N/A       100%        5


Dungeon Overview and Level Annotations

Branches:
Dungeon (4/15) Zot: 1693
 Temple: D:4-7

Altars:

Annotations:
D:3 exclusion: downstairs


Innate Abilities, Weirdness & Mutations

You passively map a small area around you.
You are easily found by Zot.
You glow in the dark.
You regain HP and MP as you explore.


Message History

The magic dart hits you.
You hit the orc wizard.
You kill the orc wizard!
Lugonu accepts your kill.
Training target 4.0 for Fighting reached!
Your Fighting skill increases to level 4!
You have reached level 5!
Things that are here:
a +0 dagger; a +0 robe
(D) Dungeon
Where to? (Enter - D:2, ? - help)
There is a stone staircase leading down here.
You climb downwards.
The orc shouts! x2
Found a scroll labelled DUHUXUR MULU.
There is a stone staircase leading up here.
There are monsters nearby!
Unknown command.
Press: ? - help, Shift-Dir - straight line, f - orc warrior
Aim: an orc warrior, wielding a +0 dire flail and wearing a +0 plate armour (haloed, chance to affect: 81%)
You fail to use your ability.
Press: ? - help, Shift-Dir - straight line, f/p - orc warrior
Aim: an orc warrior, wielding a +0 dire flail and wearing a +0 plate armour (haloed, chance to affect: 81%)
You fail to use your ability.
The orc warrior hits you with a +0 dire flail!
Press: ? - help, Shift-Dir - straight line, f/p - orc warrior
Aim: an orc warrior, wielding a +0 dire flail and wearing a +0 plate armour (haloed, chance to affect: 81%)
You fail to use your ability.
The orc warrior hits you with a +0 dire flail!
* * * LOW HITPOINT WARNING * * *
Unknown command.
Press: ? - help, Shift-Dir - straight line, f/p - orc warrior
Aim: an orc warrior, wielding a +0 dire flail and wearing a +0 plate armour (haloed, chance to affect: 81%)
Okay, then.
Okay, then.
Unknown command.
Space bends violently around you!
You blink.
Unknown command.
The orc attacks as you move away! The orc hits you with a +0 mace.
You die...

###.#.##o.## ~
#.###...<.# * ,
...##o...## * .
, ,.......o## ..
* #......# ..~
#....oo# ##....
~
#.....o..##....#
~ ,
...##...o.....#
~ ,.##
##...@...#* *
##?.....# ~
##....## ~
###### *


You could see an orc warrior, an orc priest and 4 orcs.

Vanquished Creatures
  An orc wizard (D:3)
  An adder (D:3)
  2 worms
  3 dart slugs
  An orc (D:3)
  5 ball pythons
  2 bats (D:1)
  2 giant cockroaches
  3 hobgoblins
  3 kobolds
  A quokka (D:2)
  4 frilled lizards
  4 goblins
  7 rats
39 creatures vanquished.

Vanquished Creatures (others)
  2 plants (D:2)
2 creatures vanquished.

Grand Total: 41 creatures vanquished

Notes
Turn   | Place    | Note
-------+----------+-------------------------------------------
     0 | Abyss:1  | PieDemon the Meteoran Abyssal Knight began the quest for
                  | the Orb.
     0 | Abyss:1  | Reached XP level 1. HP: 19/19 MP: 3/3
     3 | D:1      | Escaped the Abyss
    86 | D:1      | Reached XP level 2. HP: 26/26 MP: 4/4
   243 | D:2      | Reached XP level 3. HP: 30/31 MP: 6/6
   434 | D:3      | Reached *** piety under Lugonu
   478 | D:3      | Reached XP level 4. HP: 33/40 MP: 7/7
   542 | D:3      | Identified the +1 leather armour "Voraqow" {rC+}
   569 | D:3      | Found a faded altar of an unknown god.
   642 | D:4      | Noticed an orc warrior
   666 | D:3      | Reached XP level 5. HP: 17/46 MP: 8/8
   696 | D:4      | Slain by an orc

Illustrated notes

Levels and vault maps discovered:
D:1:      doesnt_arrival_eight_statues, layout_rooms
D:2:      layout_basic, minivault_11, minivault_27, corexii_hall_statues_x,
          serial_bayou_lagoon_a
D:3:      minmay_chambers_of_twos, layout_basic,
          shapermc_ecumenical_altar_notcrosses, serial_bayou_pond_d,
          chequers_serial_rivers_micro_d, solitary_fountain, grunt_decor_cap,
          cheibrodos_gnoll_hut
D:4:      layout_layer_cave, grunt_temple_overflow_open, kennysheep_path_1,
          eino_curves_04, chequers_serial_rivers_large_a,
          guppyfry_early_orc_mine

Skill      XL: |  1  2  3  4 |
---------------+-------------+-----
Axes           | 3 4 |  4.5
Invocations    | 3 |  3.2
Fighting       | 4 |  4.0
Armour         | |  2.4
Dodging        | |  1.2

Action                   |  1- 3 |  4- 6 || total
-------------------------+-------+-------++-------
Melee: Hand axe          |    65 |    24 ||    89
       Punch             |     1 |       ||     1
Invok: Bend Space        |       |     1 ||     1
Armor: Leather armour    |    16 |     8 ||    24
Dodge: Dodged            |    21 |     4 ||    25
